 Dungeon Crawl Stone Soup version 0.30.1-1-g62c8e00024 (webtiles) character file.

Game seed: 1223081455613746425

1514 Peloso the Carver (level 8, -2/70 HPs)
             Began as a Minotaur Fighter on July 15, 2023.
             Was an Initiate of Okawaru.
             Slain by a white ugly thing (5 damage)
             ... on level 6 of the Dungeon.
             The game lasted 00:13:48 (5561 turns).

Peloso the Carver (Minotaur Fighter)                Turns: 5561, Time: 00:13:49

Health: -2/70      AC: 10    Str: 21    XL:     8   Next: 53%
Magic:  7/7        EV:  9    Int:  3    God:    Okawaru [......]
Gold:   210        SH: 10    Dex: 12    Spells: 7/7 levels left

rFire   + + +        a - +1 long sword
rCold   + + +        c - +0 buckler
rNeg    + . .        q - +0 chain mail "Makhanok" {rF+++ rC+++ Will+ Int-2}
rPois   .            (helmet restricted)
rElec   .            (no cloak)
rCorr   .            (no gloves)
SInv    .            (no boots)
Will    +....        m - amulet of reflection Stlth
                     f - ring of positive energy
HPRegen 0.31/turn    (no ring)
MPRegen 0.10/turn

%: reflection
@: no status effects
A: horns 2, retaliatory headbutt
a: Renounce Religion


You were on level 6 of the Dungeon.
You worshipped Okawaru.
Okawaru was noncommittal.
You visited 2 branches of the dungeon, and saw 7 of its levels.
You also visited: Sewer.

You collected 360 gold pieces.
You spent 150 gold pieces at shops.

Inventory:

Hand Weapons
 a - a +1 long sword (weapon)
Missiles
 t - a throwing net (quivered)
Armour
 b - a +1 scale mail
 c - a +0 buckler (worn)
 q - the +0 chain mail "Makhanok" (worn) {rF+++ rC+++ Will+ Int-2}
   (You found it on level 4 of the Dungeon)

   Int:       It affects your intelligence (-2).
   rF:        It renders you almost immune to fire.
   rC:        It renders you almost immune to cold.
   Will:      It increases your willpower.
Jewellery
 f - a ring of positive energy (left hand)
 m - an amulet of reflection (around neck)
Scrolls
 e - 3 scrolls of identify
 j - 2 scrolls of poison
 k - 2 scrolls of blinking
 o - a scroll of noise {unknown}
 p - 5 scrolls of teleportation
 r - a scroll of fear
 s - a scroll of enchant armour
Potions
 d - 2 potions of might
 g - a potion of flight
 h - 2 potions of heal wounds
 i - a potion of magic
 l - 5 potions of curing
 n - a potion of invisibility
 u - 2 potions of brilliance
 v - a potion of haste


   Skills:
 + Level 5.8 Fighting
 + Level 8.5 Long Blades
 + Level 6.5 Armour
 + Level 2.9 Dodging
 + Level 0.8 Stealth
 + Level 6.7 Shields


You had 7 spell levels left.
You didn't know any spells.
Your spell library contained the following spells:

 Spells                   Type           Power      Damage    Failure   Level
 Gell's Gravitas          Tloc           0%         N/A       100%        3
 Portal Projectile        Hex/Tloc       0%         N/A       100%        3
 Teleport Other           Tloc           0%         N/A       100%        3
 Blade Hands              Tmut           0%         N/A       100%        5
 Dispersal                Tloc           0%         N/A       100%        6
 Tukima's Dance           Hex            Unusable   N/A       N/A         3

Dungeon Overview and Level Annotations

Branches:
Dungeon (6/15)             Temple (1/1) D:5           Sewer (visited)

Altars:
Ashenzari
Cheibriados
Dithmenos
Elyvilon
Gozag
Hepliaklqana
Kikubaaqudgha
Makhleb
Nemelex Xobeh
Okawaru
Qazlal
Ru
Sif Muna
Trog
Uskayaw
Vehumet
Wu Jian
Yredelemnul
Zin

Shops:
D:1 *   D:3 *


Innate Abilities, Weirdness & Mutations

You have a pair of horns on your head.
You reflexively headbutt those who attack you in melee.


Message History

The white ugly thing tentacle-slaps you but does no damage.
You barely miss the white ugly thing.
You headbutt the white ugly thing, but do no damage.
The white ugly thing is lightly wounded.
The white ugly thing tentacle-slaps you!
The white ugly thing freezes you. You resist.
You closely miss the white ugly thing.
The white ugly thing is lightly wounded.
You block the white ugly thing's attack.
You slash the white ugly thing!
You headbutt the white ugly thing, but do no damage.
The white ugly thing is lightly wounded.
The white ugly thing tentacle-slaps you!
The white ugly thing freezes you. You resist.
You slash the white ugly thing!
The white ugly thing is moderately wounded.
The white ugly thing barely misses you.
You hit the white ugly thing.
You headbutt the white ugly thing, but do no damage.
The white ugly thing is moderately wounded.
The white ugly thing tentacle-slaps you but does no damage.
You slash the white ugly thing!
Your headbutt misses the white ugly thing.
The white ugly thing is heavily wounded.
The white ugly thing tentacle-slaps you!
The white ugly thing freezes you. You resist.
You hit the white ugly thing.
The white ugly thing is heavily wounded.
The white ugly thing tentacle-slaps you!
The white ugly thing freezes you. You resist.
You closely miss the white ugly thing.
The white ugly thing is heavily wounded.
The white ugly thing tentacle-slaps you!
* * * LOW HITPOINT WARNING * * *
The white ugly thing freezes you. You resist.
* * * LOW HITPOINT WARNING * * *
The white ugly thing tentacle-slaps you.
* * * LOW HITPOINT WARNING * * *
The white ugly thing freezes you. You resist.
You die...

...## ##...............#
....#####.............###.
..........###..##...#.#
.)######### #..######.#
..........###....##
...######...(.##..## ...#
##.........# ...#
#.#.#.#.#.# ...#
#......@u.# ####
#.#.#.#.#.# #.........#
#.#.#.#.#....
#...........##
#.#.#.#.#..## #..........#
######.....# #######


You could see a white ugly thing.

Vanquished Creatures
  Sigmund (D:3)
  2 ice beasts (D:5)
  A sky beast (D:6)
  2 ogres (D:5)
  A phantom (D:6)
  A bullfrog (D:5)
  A scorpion (D:5)
  4 jellies
  2 hounds (D:5)
  An orc priest (D:5)
  A gnoll bouda (D:5)
  A sleepcap (D:4)
  2 iguanas
  An orc wizard (D:3)
  Robin (D:2)
  16 adders
  8 gnolls
  A river rat (Sewer)
  A white imp (D:6)
  An ufetubus (D:4)
  2 worms
  A dart slug (D:5)
  8 orcs
  5 bats
  12 endoplasms
  4 giant cockroaches
  16 goblins
  8 hobgoblins
  2 jackals (D:4)
  3 quokkas
  8 ball pythons
  5 frilled lizards
  9 kobolds
  5 rats
137 creatures vanquished.

Notes
Turn   | Place    | Note
-------+----------+-------------------------------------------
     0 | D:1      | Peloso the Minotaur Fighter began the quest for the Orb.
     0 | D:1      | Reached XP level 1. HP: 19/19 MP: 0/0
    51 | D:1      | Found Nippoa's Assorted Antiques.
   162 | D:1      | Reached XP level 2. HP: 27/27 MP: 1/1
   634 | D:2      | Noticed Robin
   646 | D:2      | Reached XP level 3. HP: 15/31 MP: 2/2
   762 | D:2      | Killed Robin
   763 | D:2      | Reached skill level 3 in Long Blades
   849 | D:2      | Found a radiant altar of Vehumet.
  1012 | D:2      | Reached XP level 4. HP: 39/40 MP: 3/3
  1598 | D:1      | Bought a scroll labelled GEUTEC YRCH for 22 gold pieces
  1598 | D:1      | Bought 3 scrolls labelled PABOSI PISER for 66 gold pieces
  1871 | D:3      | Reached skill level 1 in Dodging
  2029 | D:3      | Noticed Sigmund
  2043 | D:3      | Killed Sigmund
  2044 | D:3      | Reached skill level 4 in Long Blades
  2044 | D:3      | Reached skill level 5 in Shields
  2044 | D:3      | Reached XP level 5. HP: 25/47 MP: 4/4
  2044 | D:3      | Reached XP level 6. HP: 28/53 MP: 5/5
  2297 | D:3      | Reached skill level 5 in Long Blades
  2313 | D:3      | Found a faded altar of an unknown god.
  2400 | D:3      | Found Leeblef's Assorted Antiques.
  2410 | D:3      | Bought a scroll labelled FOOMA GITOQIN for 31 gold pieces
  2410 | D:3      | Bought a scroll labelled YFEATAGOJA for 31 gold pieces
  2803 | D:4      | Found a glowing drain.
  2824 | Sewer    | Entered a sewer
  2845 | Sewer    | Reached skill level 5 in Armour
  2977 | Sewer    | Found a viscous altar of Jiyva.
  3389 | D:4      | Identified the +0 chain mail "Makhanok" {rF+++ rC+++ Will+
                  | Int-2}
  3488 | D:4      | Reached skill level 5 in Fighting
  3493 | D:4      | Reached XP level 7. HP: 36/61 MP: 6/6
  3865 | D:4      | Reached skill level 6 in Long Blades
  4238 | D:5      | Entered Level 5 of the Dungeon
  4571 | D:5      | Reached skill level 7 in Long Blades
  4733 | D:5      | Reached XP level 8. HP: 67/69 MP: 7/7
  5008 | D:5      | Reached skill level 8 in Long Blades
  5137 | D:5      | Found a staircase to the Ecumenical Temple.
  5170 | Temple   | Entered the Ecumenical Temple
  5174 | Temple   | Became a worshipper of Warmaster Okawaru
  5347 | D:6      | Found a hide-covered altar of Uskayaw.
  5347 | D:6      | Found a glowing silver altar of Zin.
  5548 | D:6      | Noticed a white ugly thing
  5561 | D:6      | HP: 3/70 [white ugly thing (4)]
  5561 | D:6      | Slain by a white ugly thing

Illustrated notes

Levels and vault maps discovered:
D:1:      lemuel_arrival_broad_hall, layout_rooms, serial_shops,
          nicolae_shop_tiny_statue_garden
D:2:      layout_loops_corners, basic_altar, uniq_robin
D:3:      layout_loops_ring, serial_shops, nicolae_shop_statue_plus,
          hellmonk_ecumenical_altar_crossroads, guppyfry_early_orc_mine,
          uniq_sigmund
D:4:      layout_cave_pods, portal_sewer_entry_d, nrook_mini_vaults
D:5:      layout_basic, temple_green, grunt_ministairs_1
D:6:      layout_rooms, nicolae_overflow_two_pavilions, serial_co_window_serial,
          co_window_paths_a, co_window_corner_a, co_window_cross_1,
          co_window_paths_a, co_window_corner_a, co_window_corner_cb,
          co_window_corner_b, co_window_corner_cb, co_window_paths_e,
          glass_columns_b, glass_columns_b, glass_columns_b, glass_columns_c,
          glass_columns_a
Temple:   sentei_temple_godly_chess

Skill      XL: |  1  2  3  4  5  6  7  8 |
---------------+-------------------------+-----
Fighting       | 4 5 |  5.8
Armour         | 4 5 6 |  6.5
Long Blades    | 3 4 5 7 8 |  8.5
Shields        | 4 5 6 |  6.7
Dodging        | 1 2 |  2.9
Stealth        | |  0.8

Action                     |  1- 3 |  4- 6 |  7- 9 || total
---------------------------+-------+-------+-------++-------
  Melee: Long sword        |    77 |   189 |   152 ||   418
         Headbutt          |    13 |    31 |    35 ||    79
    Use: Potion            |     3 |     1 |       ||     4
         Scroll            |     2 |     9 |     2 ||    13
 Armour: Scale mail        |    41 |    56 |       ||    97
         Chain mail        |       |     3 |    50 ||    53
  Dodge: Dodged            |    48 |    77 |    44 ||   169
  Block: Buckler           |    49 |    97 |    65 ||   211
         Reflection        |     3 |     1 |       ||     4
